AoeStats
← SeemsFishy

Arena

508919541Analyzed
4v4 RM · 7d ago on Sep 24, 2026· 78m 40s· 8 players
Game mode
Random Map
Map size
Large (8 player)
Population
200
Speed
Normal
Resources
Standard
Victory
Conquest
Starting age
Dark Age
Ending age
Imperial Age
RankedLock teamsTeams togetherTeam positionsShared explorationLock speedFull tech treeHidden civsTurbo modeCheats
Victory
Defeat
🇸🇪 Lithuanians · Sweden
1429
+17
🇹🇷 Khmer · Türkiye
1400
+18
🇬🇧 Hindustanis · United Kingdom
1394
+19
🇫🇷 Berbers · France
1382
+19
🇨🇳 Tupi · China
1585
-24
🇨🇳 Danes · China
1467
-19
🇨🇳 Saxons · China
1430
-17
🇨🇳 Varangians · China
1325
-13
Stuve
11:08 Feudal Age
12:39 Double-Bit Axe
12:35 Horse Collar
15:47 Castle Age
16:08 Bloodlines
16:07 Scale Barding Armor
17:10 Bow Saw
17:30 Heavy Plow
22:49 Wheelbarrow
22:55 Gold Mining
24:26 Forging
24:52 Husbandry
25:17 Stone Mining
27:10 Chain Barding Armor
29:22 Imperial Age
28:02 Chain Barding Armor
28:19 Iron Casting
27:55 Light Cavalry
29:43 Loom
30:14 Hand Cart
29:26 Cavalier
31:03 Fortified Wall
31:47 Plate Barding Armor
31:25 Paladin
32:10 Stone Mining
32:41 Masonry
37:39 Tower Shields
38:15 Hoardings
38:01 Conscription
37:33 Fletching
37:43 Padded Archer Armor
37:43 Scale Mail Armor
38:15 Architecture
37:23 Light Cavalry
38:51 Ballistics
39:31 Chemistry
38:34 Caravan
38:43 Winged Hussar
45:05 Two-Man Saw
46:47 Loom
46:47 Town Watch
46:45 Treadmill Crane
47:01 Murder Holes
47:02 Bodkin Arrow
47:23 Chain Mail Armor
47:23 Leather Archer Armor
46:30 Elite Leitis
47:26 Pikeman
47:51 Arson
47:27 Man-at-Arms
48:07 Squires
48:21 Halberdier
49:03 Bracer
48:53 Long Swordsman
49:35 Two-Handed Swordsman
50:22 Champion
58:36 Hill Forts
59:12 Crop Rotation
65:23 Ring Archer Armor
65:00 Thumb Ring
64:18 Elite Genitour
64:20 Elite Skirmisher
SeemsFishy
10:14 Feudal Age
13:55 Castle Age
12:12 Double-Bit Axe
13:04 Horse Collar
15:09 Wheelbarrow
15:34 Bow Saw
18:15 Loom
18:18 Town Watch
18:45 Heavy Plow
20:23 Gold Mining
22:13 Gold Shaft Mining
21:36 Stone Mining
22:59 Hand Cart
27:56 Imperial Age
26:38 Stone Shaft Mining
26:33 Scale Barding Armor
26:38 Forging
26:43 Bloodlines
26:41 Husbandry
28:18 Chain Barding Armor
28:01 Heavy Camel Rider
29:10 Fortified Wall
30:20 Plate Barding Armor
33:50 Iron Casting
33:16 Imperial Camel Rider
34:35 Fletching
37:43 Blast Furnace
37:26 Conscription
38:58 Grand Trunk Road
40:33 Chemistry
40:30 Padded Archer Armor
41:28 Leather Archer Armor
41:40 Shatagni
41:37 Light Cavalry
43:51 Coinage
43:21 Caravan
44:03 Ring Archer Armor
43:29 Bodkin Arrow
44:04 Ballistics
43:55 Masonry
44:04 Hussar
44:18 Siege Elephant
60:28 Siege Engineers
60:24 Bracer
72:27 Hoardings
75:11 Banking
Svodoo
10:58 Feudal Age
15:47 Castle Age
14:14 Double-Bit Axe
14:48 Horse Collar
16:26 Fletching
18:47 Bow Saw
18:52 Bodkin Arrow
21:34 Ballistics
29:01 Imperial Age
28:41 Town Watch
28:42 Loom
29:25 Kasbah
30:05 Masonry
33:30 Bracer
36:22 Chemistry
39:16 Wheelbarrow
43:12 Thumb Ring
45:12 Conscription
45:00 Elite Camel Archer
47:39 Maghrebi Camels
51:09 Murder Holes
52:12 Caravan
53:12 Padded Archer Armor
56:25 Leather Archer Armor
56:23 Bloodlines
56:14 Husbandry
57:09 Elite Genitour
58:03 Heavy Plow
65:27 Ring Archer Armor
66:55 Siege Engineers
70:56 Scale Barding Armor
71:01 Forging
70:17 Light Cavalry
71:40 Hussar
72:42 Chain Barding Armor
75:59 Plate Barding Armor
75:59 Iron Casting
76:56 Hoardings
Yokolucu
10:49 Feudal Age
13:41 Castle Age
12:06 Double-Bit Axe
12:15 Horse Collar
14:33 Bow Saw
14:26 Heavy Plow
16:15 Wheelbarrow
26:42 Imperial Age
25:44 Ballistics
25:23 Gold Mining
26:55 Heavy Scorpion
28:05 Double Crossbow
28:22 Capped Ram
30:16 Chemistry
30:12 Siege Ram
33:07 Siege Engineers
35:34 Light Cavalry
36:52 Bloodlines
37:44 Husbandry
38:25 Scale Barding Armor
39:39 Forging
39:50 Chain Barding Armor
38:56 Hussar
42:32 Plate Barding Armor
42:33 Iron Casting
46:36 Blast Furnace
47:26 Hand Cart
46:57 Loom
71:22 Crop Rotation
76:30 Coinage
77:04 Conscription
毛毛鸡
10:11 Feudal Age
13:56 Castle Age
11:55 Double-Bit Axe
15:09 Bow Saw
22:30 Wheelbarrow
23:21 Loom
29:05 Imperial Age
28:20 Scale Mail Armor
28:56 Forging
29:22 Chain Mail Armor
29:47 Squires
29:12 Capped Ram
31:19 Arson
32:31 Plate Mail Armor
33:38 Iron Casting
33:37 Pikeman
34:53 Masonry
38:44 Fortified Wall
41:19 Gold Mining
43:15 Two-Man Saw
42:45 Conscription
42:17 Onager
43:21 Siege Engineers
44:41 Chemistry
44:13 Architecture
45:21 Gold Shaft Mining
45:31 Halberdier
46:07 Elite Hearth Troop
46:56 Shield Wall
47:12 Elite Varangian Guard
48:57 Siege Ram
51:09 Elite Skirmisher
51:21 Cranequins
51:22 Heavy Mounted Crossbowman
52:08 Thumb Ring
52:29 Caravan
52:50 Fletching
53:24 Ballistics
53:30 Padded Archer Armor
53:50 Stone Mining
54:18 Bodkin Arrow
56:19 Bracer
56:35 Leather Archer Armor
57:37 Bloodlines
58:28 Ring Archer Armor
59:40 Guard Tower
60:47 Treadmill Crane
61:44 Keep
60:55 Arrowslits
68:07 Guilds
76:50 Husbandry
雀巢阿帆
9:05 Loom
10:50 Feudal Age
14:43 Castle Age
12:40 Double-Bit Axe
12:44 Horse Collar
15:58 Bow Saw
15:44 Loom
17:26 Heavy Plow
22:34 Wheelbarrow
28:28 Imperial Age
26:13 Scale Mail Armor
26:24 Forging
26:50 Gold Mining
27:17 Chain Mail Armor
28:06 Hand Cart
28:28 Iron Casting
28:00 Squires
27:46 Arson
29:04 Gambesons
28:54 Capped Ram
29:31 Onager
29:53 Pikeman
32:42 Gold Shaft Mining
33:05 Siege Engineers
34:40 Chemistry
34:12 Halberdier
34:28 Siege Onager
36:57 Conscription
37:25 Plate Mail Armor
39:35 Blast Furnace
41:56 Hamask
65:24 Fletching
67:37 Caravan
肥肠拌面
10:09 Feudal Age
14:00 Castle Age
12:21 Double-Bit Axe
12:53 Horse Collar
24:12 Wheelbarrow
25:10 Heavy Plow
25:32 Bow Saw
28:28 Imperial Age
26:53 Hand Cart
26:23 Loom
26:24 Town Watch
26:32 Gold Mining
26:33 Stone Mining
26:54 Scale Barding Armor
27:05 Forging
27:18 Husbandry
28:40 Chain Barding Armor
28:33 Bloodlines
29:36 Stone Shaft Mining
29:47 Iron Casting
28:36 Cavalier
29:59 Scale Mail Armor
30:37 Plate Barding Armor
30:02 Scale Mail Armor
30:24 Vendel Legacy
31:28 Conscription
33:24 Blast Furnace
32:30 Squires
32:18 Arson
37:30 Pikeman
38:48 Guilds
39:59 Halberdier
43:55 Gambesons
47:40 Chain Mail Armor
50:23 Crop Rotation
49:38 Light Cavalry
50:16 Hussar
52:13 Plate Mail Armor
shenxu
10:55 Feudal Age
14:33 Castle Age
12:58 Double-Bit Axe
13:02 Horse Collar
15:30 Bow Saw
15:22 Heavy Plow
16:20 Wheelbarrow
23:16 Hand Cart
27:51 Imperial Age
25:40 Loom
25:46 Stone Mining
25:47 Gold Mining
25:54 Fletching
25:47 Treadmill Crane
26:59 Bodkin Arrow
27:54 Ballistics
28:13 Gold Shaft Mining
28:14 Scale Mail Armor
28:54 Bracer
29:29 Elite Blackwood Archer
30:29 Conscription
30:11 Padded Archer Armor
31:13 Chemistry
29:56 Pikeman
30:48 Curare
30:27 Onager
32:04 Leather Archer Armor
33:18 Two-Man Saw
32:38 Chain Mail Armor
32:37 Squires
32:33 Capped Ram
33:44 Halberdier
34:55 Plate Mail Armor
34:35 Forging
36:17 Coinage
36:04 Siege Ram
37:34 Murder Holes
40:09 Ring Archer Armor
40:14 Banking
47:25 Iron Casting
50:23 Hoardings
50:32 Caciques
51:29 Caravan
68:55 Town Watch
68:52 Champi Runner
69:26 Elite Ibirapema Warrior
69:52 Arson
75:09 Hoardings
77:33 Champi Runner
Connection lost

Rejoining the realm…

Still unreachable

The connection could not be restored.

Session expired

The server has moved on; the page needs a fresh start.